 Dungeon Crawl Stone Soup version 0.19-a0-3-g95c6029 (console) character file.

49 MenacingMecha the Cudgeler (level 3, 0/30 HPs)
             Began as a Hill Orc Gladiator on Apr 27, 2016.
             Killed from afar by Natasha (6 damage)
             ... with a magic dart
             ... on level 2 of the Dungeon.
             The game lasted 00:04:53 (973 turns).

MenacingMecha the Cudgeler (Hill Orc Gladiator)      Turns: 973, Time: 00:04:53

Health: 0/30       AC:  7    Str: 17    XL:     3   Next: 75%
Magic:  3/3        EV: 10    Int:  8    God:
Gold:   53         SH:  0    Dex: 12    Spells: 0 memorised, 2 levels left

rFire  . . .     SeeInvis .     a - +0 flail
rCold  . . .     Gourm    +     u - +0 scale mail
rNeg   . . .     Faith    .     (no shield)
rPois  .         Spirit   .     c - +0 helmet
rElec  .         Dismiss  .     (no cloak)
rCorr  .         Reflect  .     (no gloves)
SustAt .         Harm     .     (no boots)
MR     +....                    i - amulet of the gourmand
Stlth  ..........               (no ring)
                                e - ring of protection from magic

@: somewhat resistant to hostile enchantments, extremely unstealthy
A: no striking features
a: no special abilities


You were on level 2 of the Dungeon.
You were completely stuffed.

You visited 1 branch of the dungeon, and saw 2 of its levels.

You collected 53 gold pieces.

Inventory:

Hand Weapons
 a - a +0 flail (weapon)
Missiles
 d - 3 throwing nets (quivered)
Armour
 c - a +0 helmet (worn)
 u - a +0 scale mail (worn)
Jewellery
 e - a ring of protection from magic (left hand)
 i - an amulet of the gourmand (around neck)
Scrolls
 b - a scroll of enchant weapon {unknown}
 g - a scroll of recharging {unknown}
 j - a scroll of fear {unknown}
 l - 4 scrolls of identify {unknown}
 m - a scroll of magic mapping {unknown}
 r - a scroll of teleportation {unknown}
Potions
 k - a potion of beneficial mutation {unknown}
 n - a potion of mutation {unknown}
 o - a potion of degeneration {unknown}
 p - 2 potions of agility {unknown}
 s - a potion of brilliance {unknown}
 t - a potion of curing {unknown}
Comestibles
 f - 2 bread rations
 h - a meat ration


   Skills:
 - Level 2.4 Fighting
 + Level 5.0 Maces & Flails
 - Level 1.7 Throwing
 - Level 2.4 Dodging


You had 2 spell levels left.
You didn't know any spells.

Dungeon Overview and Level Annotations

Branches:
Dungeon (2/15)

Altars:

Annotations:
D:2 Natasha


Message History

Natasha is almost dead.
Natasha mumbles some strange words.
You hit Natasha but do no damage.
Natasha is almost dead.
Natasha claws you but does no damage.
You closely miss Natasha.
Natasha is almost dead.
Natasha claws you!
* * * LOW HITPOINT WARNING * * *
The shadow imp hits you.
* * * LOW HITPOINT WARNING * * *
Natasha howls an incantation.
Natasha shimmers violently.
Natasha claws you but does no damage.
You closely miss Natasha.
Natasha is almost dead.
The shadow imp hits you but does no damage.
Natasha stares at you and mumbles some strange words.
The magic dart hits you!
You die...

#.. #.### ..$.. #... #..#
#.[# #..# #
##################h.#....
.................@5.......
########.##########.######
#.# +# ### #.# ##.#####.#
...#.....# .........#
.........# ......##.#


You could see Natasha and a shadow imp.

Vanquished Creatures
  Natasha (D:2)
  2 dart slugs (D:1)
  A giant gecko (D:1)
  A giant cockroach (D:1)
  4 goblins (D:1)
  4 jackals (D:1)
  A bat (D:1)
  4 giant newts (D:1)
  A kobold (D:1)
  2 rats (D:1)
21 creatures vanquished.

Notes
Turn   | Place    | Note
--------------------------------------------------------------
     0 | D:1      | MenacingMecha the Hill Orc Gladiator began the quest for the Orb.
     0 | D:1      | Reached XP level 1. HP: 18/18 MP: 1/1
   235 | D:1      | Reached XP level 2. HP: 22/25 MP: 2/2
   373 | D:1      | Reached skill level 4 in Maces & Flails
   806 | D:1      | Reached XP level 3. HP: 28/30 MP: 3/3
   919 | D:2      | Noticed Natasha
   927 | D:2      | Killed Natasha
   927 | D:2      | Reached skill level 5 in Maces & Flails
   957 | D:2      | Noticed Natasha
   973 | D:2      | Killed from afar by Natasha

Vault maps used:
D:1:      dpeg_arrival_round_b
D:2:      first_bread, grunt_dithmenos_smoke, uniq_natasha

Skill      XL: |  1  2  3 |
---------------+----------+-----
Maces & Flails | 4 5 |  5.0
Fighting       | |  2.4
Throwing       | |  1.7
Dodging        | |  2.4

Action                   || total
-------------------------++-------
Melee: Flail             ||    81
  Eat: Chunk             ||    14
Armor: Leather armour    ||    20
       Scale mail        ||     7
Dodge: Dodged            ||    50
